[Event "GER-ch Youth U10W 2020"]
[Site "Willingen"]
[Date "2020.10.30"]
[Round "5.15"]
[White "Yan, Jenny"]
[Black "Wolf, Anna"]
[Result "1/2-1/2"]
[ECO "C00"]
[WhiteElo "952"]
[BlackElo "1098"]
[Annotator "NA RC"]
[PlyCount "148"]
[EventDate "2020.10.27"]
[EventType "swiss"]
[EventRounds "7"]
[EventCountry "GER"]
[SourceTitle "playchess.com"]
[Source "ChessBase"]
[SourceQuality "1"]
[TimeControl "40/4500+30:900+30"]

1. e4 e6 2. b3 d5 3. Bb2 Nc6 4. exd5 exd5 5. Nf3 Bd6 6. Bxg7 f6 7. Bxh8 b6 8. Qe2+ Qe7 9. Qxe7+ Bxe7 10. Bb5 Bb7 11. Nd4 Kd7 12. Nc3 Re8 13. O-O Bc5 14. Nxc6 Bxc6 15. Rae1 Rf8 16. Bxc6+ Kxc6 17. Re6+ Kd7 18. Rfe1 Rf7 19. Nxd5 Be7 20. c4 c6 21. Nb4 Bxb4 22. R1e2 Bd6 23. Re8 Ne7 24. Ra8 a5 25. Ra7+ Kc8 26. Ra8+ Bb8 27. Rxb8+ Kxb8 28. Bxf6 Nf5 29. Re8+ Kc7 30. Bb2 Nd6 31. Re2 Nb7 32. h3 Nc5 33. d4 Na6 34. Re6 Nb4 35. a4 Rd7 36. Rh6 Nd3 37. Ba1 Nc1 38. f4 Nxb3 39. Bb2 Nd2 40. c5 Kb7 41. cxb6 Rf7 42. g3 Ne4 43. Kg2 Rg7 44. d5 Rxg3+ 45. Kh2 cxd5 46. Rxh7+ Kxb6 47. Re7 Rb3 48. Bd4+ Kc6 49. Ra7 Rb4 50. Ra6+ Kd7 51. Bb6 Rxa4 52. Rxa5 Rxa5 53. Bxa5 d4 54. Kg2 Ke6 55. Kf3 Kf5 56. h4 Nc3 57. Bb6 d3 58. Be3 Nd5 59. Bd2 Ne7 60. h5 Ng8 61. Bc1 Nf6 62. h6 Kg6 63. h7 Nxh7 64. Ke4 Nf6+ 65. Ke5 Ng4+ 66. Ke4 Kf6 67. Kxd3 Kf5 68. Ke2 Nh6 69. Kf3 Ng8 70. Kg3 Nf6 71. Bb2 Nd5 72. Be5 Ne3 73. Kf3 Nc4 74. Bb8 Nd2+ 1/2-1/2

[Event "GER-ch Youth U10W 2020"]
[Site "Willingen"]
[Date "2020.10.30"]
[Round "5.16"]
[White "Rössling, Laura Marie"]
[Black "Jäger, Viktoria"]
[Result "1-0"]
[ECO "C50"]
[WhiteElo "937"]
[BlackElo "1114"]
[Annotator "NA RC"]
[PlyCount "49"]
[EventDate "2020.10.27"]
[EventType "swiss"]
[EventRounds "7"]
[EventCountry "GER"]
[SourceTitle "playchess.com"]
[Source "ChessBase"]
[SourceQuality "1"]
[TimeControl "40/4500+30:900+30"]

1. e4 e5 2. Nf3 Nc6 3. Bc4 Nd4 4. Nxe5 Qg5 5. Ng4 d5 6. Be2 Nf6 7. d3 Qg6 8. Ne3 Bd6 9. g3 Bh3 10. Nc3 O-O-O 11. b3 Kb8 12. exd5 Bb4 13. Bd2 Nf5 14. g4 Ne7 15. Rg1 h6 16. Rg3 Bxc3 17. Bxc3 Nexd5 18. Bxf6 Qxf6 19. Nxd5 Rxd5 20. Rxh3 Re8 21. Rb1 Qc3+ 22. Kf1 Rde5 23. Qe1 Qxc2 24. Re3 Qc3 25. Qxc3 1-0

[Event "GER-ch Youth U10W 2020"]
[Site "Willingen"]
[Date "2020.10.30"]
[Round "5.17"]
[White "Mehner, Clara"]
[Black "Abram, Kristina-Maria"]
[Result "0-1"]
[ECO "C50"]
[WhiteElo "1244"]
[BlackElo "1038"]
[Annotator "NA RC"]
[PlyCount "120"]
[EventDate "2020.10.27"]
[EventType "swiss"]
[EventRounds "7"]
[EventCountry "GER"]
[SourceTitle "playchess.com"]
[Source "ChessBase"]
[SourceQuality "1"]
[TimeControl "40/4500+30:900+30"]

1. e4 e5 2. Nf3 Nc6 3. Bc4 b6 4. d3 h6 5. c3 Bb7 6. Bb3 Nf6 7. Nbd2 Bc5 8. O-O Qe7 9. h3 O-O-O 10. c4 Rhg8 11. Re1 Rdf8 12. Nf1 Rh8 13. N3h2 Rfg8 14. Ne3 g5 15. Bd2 h5 16. g4 Bxe3 17. Rxe3 hxg4 18. hxg4 Rh7 19. Rg3 Rgh8 20. Rg2 Ne8 21. Qf3 Nd4 22. Qe3 Rh3 23. Qe1 Nf3+ 24. Kf1 Nxe1 25. Rxe1 Rxh2 26. Rxh2 Rxh2 27. Kg1 Rh4 28. Bd1 Qf8 29. Bxg5 Rh7 30. Kf1 Qh8 31. Ke2 Rh1 32. Bc2 Rxe1+ 33. Kxe1 Qh1+ 34. Ke2 Qh3 35. f3 Qg2+ 36. Kd1 Qxf3+ 37. Kd2 Qxg4 38. Be3 f5 39. exf5 Qxf5 40. d4 Qf6 41. Kc3 Qf3 42. Kd2 Be4 43. Bh6 Bxc2 44. Kxc2 Qg2+ 45. Kb1 exd4 46. Bf4 d3 47. a3 d2 48. Bxd2 Qxd2 49. Ka2 d5 50. cxd5 Qxd5+ 51. Ka1 c5 52. Kb1 Qd1+ 53. Ka2 c4 54. a4 Qxa4+ 55. Kb1 c3 56. bxc3 Qb3+ 57. Ka1 Qxc3+ 58. Kb1 Nd6 59. Ka2 Nc4 60. Kb1 Qb2# 0-1

[Event "GER-ch Youth U10W 2020"]
[Site "Willingen"]
[Date "2020.10.30"]
[Round "5.19"]
[White "Mo, Keyou"]
[Black "Heidtkamp, Anna"]
[Result "1-0"]
[ECO "C50"]
[WhiteElo "950"]
[BlackElo "1078"]
[Annotator "NA RC"]
[PlyCount "84"]
[EventDate "2020.10.27"]
[EventType "swiss"]
[EventRounds "7"]
[EventCountry "GER"]
[SourceTitle "playchess.com"]
[Source "ChessBase"]
[SourceQuality "1"]
[TimeControl "40/4500+30:900+30"]

1. e4 e5 2. Nf3 Nc6 3. Bc4 Bc5 4. O-O d6 5. d4 exd4 6. c3 dxc3 7. Nxc3 Nf6 8. Re1 Qe7 9. Nd5 Qe6 10. Nxc7+ Ke7 11. Bxe6 Bxe6 12. Nxa8 Rxa8 13. Be3 Nxe4 14. Bg5+ Nxg5 15. Nxg5 h6 16. Nxe6 fxe6 17. Qb3 Kd7 18. Qxb7+ Ke8 19. Rxe6+ Kf8 20. Qxc6 Rb8 21. g3 Kg8 22. Rae1 Kh7 23. R1e4 Rb6 24. Qd7 Rb8 25. Rg4 Rg8 26. Reg6 Bd4 27. b3 Bc3 28. Kf1 Bd4 29. Qxd6 Ba1 30. b4 Bb2 31. Qc7 a6 32. f4 Ba1 33. f5 Kh8 34. f6 Bxf6 35. a4 Ba1 36. b5 axb5 37. axb5 Rf8+ 38. Kg2 Rg8 39. b6 Bb2 40. b7 Ba1 41. b8=Q Rxb8 42. Rxg7 Rb2+ 1-0

[Event "GER-ch Youth U10W 2020"]
[Site "Willingen"]
[Date "2020.10.30"]
[Round "5.21"]
[White "Amrhein, Yana"]
[Black "Margaryan, Mari"]
[Result "1-0"]
[ECO "A04"]
[WhiteElo "747"]
[BlackElo "690"]
[Annotator "NA RC"]
[PlyCount "99"]
[EventDate "2020.10.27"]
[EventType "swiss"]
[EventRounds "7"]
[EventCountry "GER"]
[SourceTitle "playchess.com"]
[Source "ChessBase"]
[SourceQuality "1"]
[TimeControl "40/4500+30:900+30"]

1. Nf3 Nc6 2. d3 e5 3. g3 Nf6 4. Bg2 Bc5 5. Nxe5 Nxe5 6. d4 Bxd4 7. Qxd4 d6 8. O-O O-O 9. Qd1 Bf5 10. b3 Re8 11. Bb2 Qd7 12. Bxb7 Rab8 13. Bg2 Bh3 14. Qd2 Bxg2 15. Kxg2 Qc6+ 16. f3 Ra8 17. Nc3 h5 18. Rad1 Kh7 19. Nd5 Nxd5 20. Qxd5 Qxd5 21. Rxd5 c6 22. Rxd6 Rad8 23. Bxe5 f6 24. Rxd8 Rxd8 25. Bc3 Rh8 26. e4 Kg8 27. Rd1 h4 28. gxh4 Rxh4 29. e5 fxe5 30. Bxe5 g5 31. Kg3 Kh7 32. f4 Kh6 33. fxg5+ Kxg5 34. Kg2 Kg4 35. Rd4+ Kh5 36. Kg3 Rg4+ 37. Rxg4 Kh6 38. a3 a6 39. c4 Kh7 40. h4 Kh6 41. h5 Kxh5 42. b4 Kh6 43. a4 Kh5 44. b5 axb5 45. axb5 cxb5 46. cxb5 Kh6 47. b6 Kh5 48. b7 Kh6 49. b8=Q Kh5 50. Qh8# 1-0

[Event "GER-ch Youth U10W 2020"]
[Site "Willingen"]
[Date "2020.10.30"]
[Round "6.1"]
[White "Czäczine, Paula"]
[Black "Sickmann, Lisa"]
[Result "0-1"]
[ECO "C45"]
[WhiteElo "1127"]
[BlackElo "1510"]
[Annotator "NA RC"]
[PlyCount "62"]
[EventDate "2020.10.27"]
[EventType "swiss"]
[EventRounds "7"]
[EventCountry "GER"]
[SourceTitle "playchess.com"]
[Source "ChessBase"]
[SourceQuality "1"]
[TimeControl "40/4500+30:900+30"]

1. e4 e5 2. Nf3 Nc6 3. d4 exd4 4. Nxd4 Nf6 5. Nxc6 bxc6 6. e5 Qe7 7. Qe2 Nd5 8. c4 Nb6 9. f4 Qe6 10. Be3 Be7 11. Qc2 Bb7 12. Bd3 d6 13. O-O dxe5 14. fxe5 g6 15. Qc3 O-O-O 16. Nd2 Na4 17. Qc2 Nc5 18. Bxc5 Bxc5+ 19. Kh1 Qxe5 20. Rxf7 Qe3 21. Rf3 Qe5 22. Ne4 Bd4 23. Rb1 Rhf8 24. Rxf8 Rxf8 25. c5 Qf4 26. b4 Be5 27. Ng3 Qh4 28. Kg1 Rf4 29. Qe2 Bd4+ 30. Kh1 Qxh2+ 31. Kxh2 Rh4# 0-1

[Event "GER-ch Youth U10W 2020"]
[Site "Willingen"]
[Date "2020.10.30"]
[Round "6.2"]
[White "Bauer, Laura Sophie"]
[Black "Hoffmann, Svenja"]
[Result "0-1"]
[ECO "C47"]
[WhiteElo "1287"]
[BlackElo "1219"]
[Annotator "NA RC"]
[PlyCount "88"]
[EventDate "2020.10.27"]
[EventType "swiss"]
[EventRounds "7"]
[EventCountry "GER"]
[SourceTitle "playchess.com"]
[Source "ChessBase"]
[SourceQuality "1"]
[TimeControl "40/4500+30:900+30"]

1. e4 e5 2. Nf3 Nc6 3. Nc3 Nf6 4. g3 Bb4 5. Bg2 d6 6. a3 Bc5 7. O-O Be6 8. d3 Qd7 9. Ng5 Bg4 10. Nf3 h6 11. Na4 Bb6 12. Nxb6 axb6 13. Be3 d5 14. Qe1 Bh3 15. exd5 Nxd5 16. Bd2 f6 17. Qe4 O-O-O 18. Rfe1 Bxg2 19. Kxg2 f5 20. Qa4 Kb8 21. Qb3 Rhe8 22. Qc4 f4 23. a4 g5 24. a5 g4 25. Nh4 f3+ 26. Kh1 Nd4 27. a6 Nf5 28. axb7 Kxb7 29. Ra3 Nxh4 30. gxh4 g3 31. Qa6+ Kc6 32. c4 Qh3 33. cxd5+ Rxd5 34. Rc1+ Kd6 35. Bb4+ Kd7 36. Rxc7+ Kxc7 37. Qa7+ Kc6 38. Qa4+ Kc7 39. Qa7+ Kc6 40. Qa4+ Rb5 41. Rc3+ Kb7 42. Rc7+ Kxc7 43. Bd6+ Kxd6 44. Qa3+ Rc5 0-1

[Event "GER-ch Youth U10W 2020"]
[Site "Willingen"]
[Date "2020.10.30"]
[Round "6.3"]
[White "Woiteck, Sophia"]
[Black "Trunz, Tamila"]
[Result "0-1"]
[ECO "D00"]
[WhiteElo "1065"]
[BlackElo "1379"]
[Annotator "NA RC"]
[PlyCount "98"]
[EventDate "2020.10.27"]
[EventType "swiss"]
[EventRounds "7"]
[EventCountry "GER"]
[SourceTitle "playchess.com"]
[Source "ChessBase"]
[SourceQuality "1"]
[TimeControl "40/4500+30:900+30"]

1. d4 d5 2. Bf4 Nf6 3. e3 c6 4. Nf3 Bf5 5. c3 h6 6. h3 Nbd7 7. Bd3 Bxd3 8. Qxd3 e6 9. Nbd2 Be7 10. e4 dxe4 11. Nxe4 O-O 12. O-O Rc8 13. Nd6 Bxd6 14. Bxd6 Re8 15. Ne5 c5 16. Nxd7 Qxd7 17. Be5 Nh7 18. Rfe1 f6 19. Bh2 b5 20. Rad1 c4 21. Qg6 a5 22. Re3 b4 23. Bf4 Ng5 24. h4 Nf7 25. Rde1 Rc6 26. Rg3 Nd6 27. Bxh6 Nf5 28. Rg4 Nxh6 29. Qxh6 e5 30. Qg6 f5 31. Qg5 fxg4 32. h5 exd4 33. Rxe8+ Qxe8 34. Qxa5 bxc3 35. Qd5+ Qe6 36. Qxd4 cxb2 37. Qxb2 c3 38. Qc2 Qe1+ 39. Kh2 Qd2 40. Qb3+ Kh7 41. Qb5 Qd6+ 42. g3 c2 43. Qf5+ Kg8 44. h6 Qxh6+ 45. Kg2 c1=Q 46. Qd5+ Kh7 47. Qe4+ Rg6 48. f4 Qhh1+ 49. Kf2 Qhf1# 0-1

[Event "GER-ch Youth U10W 2020"]
[Site "Willingen"]
[Date "2020.10.30"]
[Round "6.4"]
[White "Schube, Theresa"]
[Black "Kutz, Ida Klara"]
[Result "0-1"]
[ECO "B40"]
[WhiteElo "1131"]
[BlackElo "997"]
[Annotator "NA RC"]
[PlyCount "76"]
[EventDate "2020.10.27"]
[EventType "swiss"]
[EventRounds "7"]
[EventCountry "GER"]
[SourceTitle "playchess.com"]
[Source "ChessBase"]
[SourceQuality "1"]
[TimeControl "40/4500+30:900+30"]

1. e4 c5 2. Nf3 e6 3. c3 d5 4. exd5 exd5 5. d4 cxd4 6. cxd4 Nf6 7. Nc3 Be6 8. Be2 Bb4 9. Bd2 O-O 10. Qb3 Qb6 11. O-O Nbd7 12. Na4 Qd8 13. Bxb4 Re8 14. Nc5 Nxc5 15. Bxc5 Ne4 16. Ba3 Bg4 17. Qd3 Qf6 18. Ne5 Bxe2 19. Qxe2 Ng5 20. Qd2 Ne6 21. Nd7 Qxd4 22. Qxd4 Nxd4 23. Bc5 Ne2+ 24. Kh1 Rad8 25. Nf6+ gxf6 26. Bxa7 d4 27. g3 d3 28. Be3 Nd4 29. Bxd4 Rxd4 30. Rfe1 Re2 31. b3 Rxf2 32. Red1 d2 33. Kg1 Re2 34. a3 Rde4 35. Kf1 Rxh2 36. Kg1 Ree2 37. b4 Rhg2+ 38. Kf1 Ref2# 0-1

[Event "GER-ch Youth U10W 2020"]
[Site "Willingen"]
[Date "2020.10.30"]
[Round "6.5"]
[White "Neininger, Sarah"]
[Black "Will, Elina"]
[Result "1-0"]
[ECO "B01"]
[WhiteElo "1469"]
[BlackElo "1149"]
[Annotator "NA RC"]
[PlyCount "101"]
[EventDate "2020.10.27"]
[EventType "swiss"]
[EventRounds "7"]
[EventCountry "GER"]
[SourceTitle "playchess.com"]
[Source "ChessBase"]
[SourceQuality "1"]
[TimeControl "40/4500+30:900+30"]

1. e4 d5 2. exd5 Nf6 3. d4 Nxd5 4. c4 Nf6 5. Nf3 e6 6. Be3 b6 7. Nc3 Bb7 8. Be2 Nbd7 9. O-O g6 10. Qd2 Qe7 11. Bh6 O-O-O 12. Bxf8 Rhxf8 13. d5 Kb8 14. Rad1 Rfe8 15. d6 Qxd6 16. Qxd6 cxd6 17. Rxd6 Nc5 18. Nb5 Na4 19. b3 Nc5 20. Rfd1 Rxd6 21. Nxd6 Re7 22. Nxb7 Nxb7 23. Ne5 Nc5 24. Nc6+ Kc7 25. Nxe7 a6 26. Bf3 Nce4 27. Bxe4 Nxe4 28. Ng8 Nc3 29. Rd2 Nb1 30. Rb2 Nc3 31. Nf6 b5 32. cxb5 axb5 33. Rc2 b4 34. a3 Kb6 35. axb4 Nd5 36. Nxd5+ exd5 37. Kf1 f5 38. Ke2 d4 39. Kd3 h5 40. Kxd4 h4 41. Kd5 Kb7 42. b5 Kb6 43. b4 Kxb5 44. Kd4 Kxb4 45. Rb2+ Ka3 46. Rb8 Ka4 47. Kc5 Ka3 48. Kc4 Ka2 49. Kc3 Ka1 50. Kc2 g5 51. Ra8# 1-0

[Event "GER-ch Youth U10W 2020"]
[Site "Willingen"]
[Date "2020.10.30"]
[Round "6.6"]
[White "Meier, Viktoria"]
[Black "Strübel, Katharina"]
[Result "1-0"]
[ECO "D00"]
[WhiteElo "1316"]
[BlackElo "1091"]
[Annotator "NA RC"]
[PlyCount "83"]
[EventDate "2020.10.27"]
[EventType "swiss"]
[EventRounds "7"]
[EventCountry "GER"]
[SourceTitle "playchess.com"]
[Source "ChessBase"]
[SourceQuality "1"]
[TimeControl "40/4500+30:900+30"]

1. d4 d5 2. Bf4 Nf6 3. e3 c5 4. c3 Nc6 5. Bd3 Qb6 6. Qb3 c4 7. Qxb6 axb6 8. Bc2 b5 9. b4 Bd7 10. a4 b6 11. Nd2 e6 12. Ngf3 Be7 13. O-O O-O 14. axb5 Na7 15. e4 Bxb5 16. Bg5 Nc6 17. Ne5 h6 18. Nxc6 Bxc6 19. exd5 Nxd5 20. Bxe7 Nxe7 21. Nxc4 Rxa1 22. Rxa1 Nd5 23. Be4 Bb5 24. Bxd5 exd5 25. Nxb6 Bc4 26. Nxc4 dxc4 27. Rb1 Re8 28. g3 Re2 29. b5 Rc2 30. b6 Rxc3 31. b7 Rb3 32. Rxb3 cxb3 33. b8=Q+ Kh7 34. d5 b2 35. d6 b1=Q+ 36. Qxb1+ g6 37. d7 Kg7 38. d8=Q Kh7 39. Qb4 g5 40. Qbf8 Kg6 41. Qde7 g4 42. Qfxf7# 1-0

[Event "GER-ch Youth U10W 2020"]
[Site "Willingen"]
[Date "2020.10.30"]
[Round "6.7"]
[White "Huber, Laura"]
[Black "Zimmermann, Lilly Marie"]
[Result "1-0"]
[ECO "C55"]
[WhiteElo "1249"]
[BlackElo "851"]
[Annotator "NA RC"]
[PlyCount "127"]
[EventDate "2020.10.27"]
[EventType "swiss"]
[EventRounds "7"]
[EventCountry "GER"]
[SourceTitle "playchess.com"]
[Source "ChessBase"]
[SourceQuality "1"]
[TimeControl "40/4500+30:900+30"]

1. e4 e5 2. Nf3 Nc6 3. Bc4 Nf6 4. d3 h6 5. c3 Bc5 6. O-O d6 7. Nbd2 O-O 8. h3 d5 9. exd5 Nxd5 10. Re1 Bd6 11. Bxd5 Qf6 12. Ne4 Qg6 13. Ng3 Ne7 14. Bb3 Nf5 15. Nxf5 Bxf5 16. Nh4 Qf6 17. Nxf5 Qxf5 18. Re3 Bc5 19. Rf3 Qg6 20. Rg3 Qxg3 21. d4 Qg6 22. dxc5 Rad8 23. Qf3 e4 24. Qe2 Rde8 25. Be3 Re5 26. Rd1 Rh5 27. Kh2 b6 28. Rd7 Kh8 29. Rxc7 bxc5 30. Bxc5 Re8 31. Bxf7 Qg5 32. Bxh5 Re5 33. Qg4 Rd5 34. Qxg5 hxg5 35. Bg6 Rd8 36. Bd4 Kg8 37. Rxg7+ Kf8 38. Rf7+ Kg8 39. Rh7 Kf8 40. Rh8+ Ke7 41. Rxd8 Kxd8 42. Bxa7 Kc7 43. Bxe4 Kd6 44. Be3 Ke5 45. Bxg5 Kxe4 46. Bf4 Kxf4 47. a4 Ke5 48. a5 Ke4 49. a6 Kd3 50. a7 Kc2 51. a8=Q Kxb2 52. c4 Kc3 53. Qf3+ Kxc4 54. Qe3 Kd5 55. Qf4 Kc5 56. Qd2 Kb5 57. Qc2 Ka5 58. Qb1 Ka4 59. h4 Ka5 60. h5 Ka6 61. h6 Ka5 62. h7 Ka4 63. h8=R Ka5 64. Ra8# 1-0

[Event "GER-ch Youth U10W 2020"]
[Site "Willingen"]
[Date "2020.10.30"]
[Round "6.8"]
[White "Zhou, Jenny"]
[Black "Bakó, Isabella"]
[Result "0-1"]
[ECO "B76"]
[WhiteElo "1131"]
[BlackElo "1153"]
[Annotator "NA RC"]
[PlyCount "154"]
[EventDate "2020.10.27"]
[EventType "swiss"]
[EventRounds "7"]
[EventCountry "GER"]
[SourceTitle "playchess.com"]
[Source "ChessBase"]
[SourceQuality "1"]
[TimeControl "40/4500+30:900+30"]

1. e4 c5 2. Nf3 d6 3. d4 cxd4 4. Nxd4 Nf6 5. Nc3 g6 6. Be3 Bg7 7. f3 O-O 8. Qd2 Nc6 9. O-O-O Nxd4 10. Bxd4 Be6 11. Nd5 Nxd5 12. exd5 Bd7 13. h4 h5 14. g4 hxg4 15. h5 Bf5 16. hxg6 Bxg6 17. Bxg7 Kxg7 18. Qh2 Rh8 19. Qg1 Rxh1 20. Qxh1 Qc7 21. Bd3 Bxd3 22. Rxd3 Rh8 23. Qg1 Kf8 24. fxg4 Rg8 25. Rc3 Qd7 26. Qd4 Qxg4 27. Qxa7 Qg1+ 28. Qxg1 Rxg1+ 29. Kd2 Rg5 30. Rc8+ Kg7 31. c4 Kf6 32. a4 Ke5 33. Rc7 Kd4 34. Kc2 Rg3 35. Rxb7 Kxc4 36. b3+ Kxd5 37. a5 Kc6 38. a6 Rg8 39. b4 Rg5 40. b5+ Kc5 41. Rc7+ Kxb5 42. a7 Rg2+ 43. Kb3 Rg8 44. Rb7+ Ka6 45. Rb8 Rg3+ 46. Kc4 Kxa7 47. Re8 Re3 48. Kb5 Kb7 49. Rd8 Kc7 50. Rf8 Rf3 51. Re8 Kd7 52. Ra8 Rc3 53. Ra7+ Rc7 54. Ra4 Rc5+ 55. Kb4 Rf5 56. Ra7+ Ke6 57. Ra1 Rd5 58. Re1+ Re5 59. Ra1 f5 60. Kc4 f4 61. Rf1 Rf5 62. Re1+ Re5 63. Rf1 Re4+ 64. Kd3 d5 65. Rh1 f3 66. Rh6+ Kd7 67. Rh3 Rf4 68. Rh1 e5 69. Rh7+ Ke6 70. Rh6+ Rf6 71. Rh1 e4+ 72. Kc3 Ke5 73. Rh5+ Rf5 74. Rxf5+ Kxf5 75. Kd2 Kf4 76. Ke1 Ke3 77. Kf1 f2 0-1

[Event "GER-ch Youth U10W 2020"]
[Site "Willingen"]
[Date "2020.10.30"]
[Round "6.10"]
[White "Becker, Hanna Charlotte"]
[Black "Rössling, Laura Marie"]
[Result "0-1"]
[ECO "A40"]
[WhiteElo "853"]
[BlackElo "937"]
[Annotator "NA RC"]
[PlyCount "62"]
[EventDate "2020.10.27"]
[EventType "swiss"]
[EventRounds "7"]
[EventCountry "GER"]
[SourceTitle "playchess.com"]
[Source "ChessBase"]
[SourceQuality "1"]
[TimeControl "40/4500+30:900+30"]

1. d4 e5 2. Nf3 exd4 3. e4 dxe3 4. fxe3 Nf6 5. Nc3 Nc6 6. e4 Bb4 7. Bd2 d5 8. exd5 Nxd5 9. Nxd5 Qxd5 10. Bxb4 Qe4+ 11. Be2 Qxb4+ 12. Qd2 Qxb2 13. Qe3+ Be6 14. Qc1 Qc3+ 15. Nd2 O-O 16. O-O Qc5+ 17. Rf2 Nd4 18. Bd3 Bf5 19. Kf1 Rfe8 20. Rf4 Rad8 21. Nb3 Nxb3 22. axb3 Bxd3+ 23. cxd3 Qe5 24. Rxa7 Qe2+ 25. Kg1 Rxd3 26. h3 Rd1+ 27. Qxd1 Qxd1+ 28. Kf2 Re2+ 29. Kg3 Qd3+ 30. Rf3 Qg6+ 31. Kh2 Qxg2# 0-1

[Event "GER-ch Youth U10W 2020"]
[Site "Willingen"]
[Date "2020.10.30"]
[Round "6.11"]
[White "John, Linnea"]
[Black "Halas, Neele Zoe"]
[Result "0-1"]
[ECO "C45"]
[WhiteElo "1146"]
[BlackElo "1295"]
[Annotator "NA RC"]
[PlyCount "100"]
[EventDate "2020.10.27"]
[EventType "swiss"]
[EventRounds "7"]
[EventCountry "GER"]
[SourceTitle "playchess.com"]
[Source "ChessBase"]
[SourceQuality "1"]
[TimeControl "40/4500+30:900+30"]

1. e4 e5 2. Nf3 Nc6 3. d4 exd4 4. Nxd4 Bc5 5. Be3 Qf6 6. c3 Nge7 7. Bc4 Ne5 8. Be2 Qg6 9. O-O O-O 10. Nd2 d6 11. Bh5 Qf6 12. N2b3 Bb6 13. Qd2 Nc4 14. Qc1 Nxe3 15. Qxe3 c5 16. Nf3 c4 17. Nbd4 g6 18. Bxg6 Nxg6 19. Qh6 Qg7 20. Qd2 Ne5 21. Qe2 Bg4 22. h3 Bxh3 23. Nh4 Kh8 24. Ndf5 Bxf5 25. Nxf5 Qf6 26. Qh5 Rg8 27. Ng3 Qg6 28. Qe2 Nd3 29. Rad1 Nxf2 30. Rxf2 Bxf2+ 31. Qxf2 Qxg3 32. Qxg3 Rxg3 33. Rxd6 Rg7 34. Rd4 b5 35. Rd5 a6 36. Rd6 Rag8 37. Rd2 h6 38. Kf1 Kh7 39. Rd6 Rxg2 40. Rxa6 R8g6 41. Ra5 Rxb2 42. Ra7 Kg7 43. e5 Re6 44. Ke1 Rxe5+ 45. Kd1 Rh2 46. Rd7 Ree2 47. Rd5 Rxa2 48. Rd2 Raxd2+ 49. Ke1 Ra2 50. Kf1 Ra1# 0-1

[Event "GER-ch Youth U10W 2020"]
[Site "Willingen"]
[Date "2020.10.30"]
[Round "6.12"]
[White "Stepanjan, Tatevik Mia"]
[Black "Le, Thao-Linh"]
[Result "0-1"]
[ECO "C42"]
[WhiteElo "1030"]
[BlackElo "1121"]
[Annotator "NA RC"]
[PlyCount "44"]
[EventDate "2020.10.27"]
[EventType "swiss"]
[EventRounds "7"]
[EventCountry "GER"]
[SourceTitle "playchess.com"]
[Source "ChessBase"]
[SourceQuality "1"]
[TimeControl "40/4500+30:900+30"]

1. e4 e5 2. Nf3 Nf6 3. Nc3 Bb4 4. d3 Nc6 5. Bg5 d6 6. Be2 Be6 7. d4 Qd7 8. d5 Bg4 9. dxc6 Qxc6 10. Bd3 Bxc3+ 11. bxc3 Qxc3+ 12. Ke2 Qc6 13. Rb1 Nxe4 14. Bb5 Nc3+ 15. Kf1 Qxb5+ 16. Rxb5 Nxd1 17. Rxb7 O-O 18. Rxc7 Rab8 19. Rxa7 Nc3 20. a4 Rb1+ 21. Ne1 Be2+ 22. Kg1 Rxe1# 0-1

[Event "GER-ch Youth U10W 2020"]
[Site "Willingen"]
[Date "2020.10.30"]
[Round "6.13"]
[White "Tran, Hanna Emilie Mai Hoa"]
[Black "Manakov, Luisa"]
[Result "0-1"]
[ECO "C50"]
[WhiteElo "986"]
[BlackElo "1103"]
[Annotator "NA RC"]
[PlyCount "54"]
[EventDate "2020.10.27"]
[EventType "swiss"]
[EventRounds "7"]
[EventCountry "GER"]
[SourceTitle "playchess.com"]
[Source "ChessBase"]
[SourceQuality "1"]
[TimeControl "40/4500+30:900+30"]

1. e4 e5 2. Nf3 Nc6 3. Bc4 Bc5 4. Nc3 Nf6 5. O-O d6 6. h3 O-O 7. d3 h6 8. Nd5 Nxd5 9. Bxd5 Be6 10. Bxe6 fxe6 11. Bd2 d5 12. Nxe5 Nxe5 13. d4 Bxd4 14. Bb4 c5 15. Bc3 Bxc3 16. bxc3 dxe4 17. Qh5 Rf5 18. Qe2 Qd5 19. Rfd1 Qc4 20. Qe3 Raf8 21. Rf1 Rg5 22. Rab1 b6 23. h4 Nf3+ 24. Kh1 Nxh4 25. g3 Nf3 26. a3 Rh5+ 27. Kg2 Rh2# 0-1

[Event "GER-ch Youth U10W 2020"]
[Site "Willingen"]
[Date "2020.10.30"]
[Round "6.14"]
[White "Wolf, Anna"]
[Black "Le, Thi An"]
[Result "1-0"]
[ECO "C50"]
[WhiteElo "1098"]
[BlackElo "976"]
[Annotator "NA RC"]
[PlyCount "63"]
[EventDate "2020.10.27"]
[EventType "swiss"]
[EventRounds "7"]
[EventCountry "GER"]
[SourceTitle "playchess.com"]
[Source "ChessBase"]
[SourceQuality "1"]
[TimeControl "40/4500+30:900+30"]

1. e4 e5 2. Nf3 Nc6 3. Bc4 Bc5 4. d3 h6 5. O-O d6 6. Nbd2 Nf6 7. c3 Bg4 8. h3 Bxf3 9. Qxf3 Qd7 10. a4 a6 11. Re1 O-O-O 12. b4 Ba7 13. b5 Nb8 14. Nf1 Rdf8 15. Be3 Bxe3 16. Qxe3 Qe7 17. Qe2 Nfd7 18. d4 g5 19. bxa6 bxa6 20. Bxa6+ Kd8 21. g4 Rh7 22. Ng3 f6 23. Bb5 c6 24. Nf5 Qe8 25. Bc4 Rfh8 26. Nxd6 Qf8 27. dxe5 fxe5 28. Red1 h5 29. Rab1 hxg4 30. Qxg4 Rxh3 31. Nf7+ Ke7 32. Qe6# 1-0

[Event "GER-ch Youth U10W 2020"]
[Site "Willingen"]
[Date "2020.10.30"]
[Round "6.15"]
[White "Nalam, Mokshadha"]
[Black "Blaufuß, Lena"]
[Result "1-0"]
[ECO "C54"]
[WhiteElo "962"]
[BlackElo "1073"]
[Annotator "NA RC"]
[PlyCount "53"]
[EventDate "2020.10.27"]
[EventType "swiss"]
[EventRounds "7"]
[EventCountry "GER"]
[SourceTitle "playchess.com"]
[Source "ChessBase"]
[SourceQuality "1"]
[TimeControl "40/4500+30:900+30"]

1. e4 e5 2. Nf3 Nc6 3. Bc4 Bc5 4. c3 Nf6 5. d3 d6 6. h3 h6 7. Nbd2 O-O 8. O-O Be6 9. Bxe6 fxe6 10. Re1 Nh5 11. Nf1 Qh4 12. Nxh4 Bxf2+ 13. Kh1 Ng3+ 14. Nxg3 Bxg3 15. Nf3 Rf4 16. Bxf4 Bxe1 17. Qxe1 exf4 18. Qh4 Rf8 19. Rf1 e5 20. g3 Kh7 21. gxf4 exf4 22. Nh2 g5 23. Qg4 Ne5 24. Qe6 f3 25. Qe7+ Rf7 26. Qe8 f2 27. d4 1-0

[Event "GER-ch Youth U10W 2020"]
[Site "Willingen"]
[Date "2020.10.30"]
[Round "6.17"]
[White "Abram, Kristina-Maria"]
[Black "Mo, Keyou"]
[Result "1-0"]
[ECO "C24"]
[WhiteElo "1038"]
[BlackElo "950"]
[Annotator "NA RC"]
[PlyCount "127"]
[EventDate "2020.10.27"]
[EventType "swiss"]
[EventRounds "7"]
[EventCountry "GER"]
[SourceTitle "playchess.com"]
[Source "ChessBase"]
[SourceQuality "1"]
[TimeControl "40/4500+30:900+30"]

1. e4 e5 2. Bc4 Nf6 3. d3 d5 4. exd5 Nxd5 5. Nf3 Nc6 6. Bxd5 Qxd5 7. Nc3 Qd7 8. O-O Bc5 9. Qe2 Bd6 10. Bf4 O-O 11. Bxe5 Bxe5 12. Nxe5 Qe6 13. Rfe1 Nxe5 14. Qxe5 Qg6 15. Re3 c6 16. Rg3 f6 17. Qe7 Qf7 18. Re1 Bd7 19. Rge3 Rae8 20. Qxf7+ Kxf7 21. Rxe8 Bxe8 22. d4 b5 23. d5 b4 24. Ne4 cxd5 25. Nd6+ Kg8 26. Nxe8 Kf7 27. Nc7 Rc8 28. Nxd5 Rxc2 29. Re7+ Kg6 30. Rxa7 Rxb2 31. a4 bxa3 32. Ne3 f5 33. Rxa3 f4 34. Nf1 Kf5 35. g3 g5 36. h3 h5 37. Ra5+ Kg6 38. gxf4 gxf4 39. h4 Rb1 40. Rg5+ Kh6 41. Rf5 Rb4 42. Nd2 Kg6 43. Rg5+ Kh6 44. Nf3 Rb3 45. Ne5 f3 46. Nf7+ Kh7 47. Ne5 Kh6 48. Kh2 Rb5 49. Nf7+ Kh7 50. Rxb5 Kg6 51. Kg3 Kxf7 52. Rxh5 Kg6 53. Rg5+ Kf6 54. Kxf3 Ke6 55. Kg4 Kf6 56. h5 Kf7 57. h6 Kf8 58. h7 Kf7 59. h8=Q Ke7 60. Qe5+ Kd7 61. Qf6 Ke8 62. Qg7 Kd8 63. Rh5 Ke8 64. Rh8# 1-0